AoeStats
← BDD || J

Arena

508997237Analyzed
4v4 RM · 7d ago on Sep 25, 2026· 46m 30s· 8 players
Game mode
Random Map
Map size
Large (8 player)
Population
200
Speed
Normal
Resources
Standard
Victory
Conquest
Starting age
Dark Age
Ending age
Imperial Age
RankedLock teamsTeams togetherTeam positionsShared explorationLock speedFull tech treeHidden civsTurbo modeCheats
Victory
Defeat
🇨🇱 Hindustanis · Chile
1619
+14
🇩🇪 Inca · Germany
1607
+14
🇺🇸 Saracens · United States
1607
+14
1550
+16
🇦🇷 Dravidians · Argentina
1609
-16
🇦🇷 Tupi · Argentina
1570
-15
🇦🇷 Goths · Argentina
1540
-14
🇦🇷 Wu · Argentina
1529
-13
Joe Strummer
10:31 Feudal Age
14:39 Castle Age
12:41 Double-Bit Axe
12:58 Horse Collar
15:33 Bow Saw
15:24 Loom
16:12 Town Watch
16:22 Stone Mining
25:38 Squires
25:41 Scale Mail Armor
26:57 Wheelbarrow
28:05 Chain Mail Armor
28:36 Forging
31:26 Iron Casting
30:44 Gold Mining
30:56 Man-at-Arms
32:14 Hand Cart
31:58 Long Swordsman
32:51 Heavy Plow
36:00 Imperial Age
34:15 Fletching
35:40 Masonry
35:47 Bodkin Arrow
36:20 Ballistics
35:26 Elite Skirmisher
36:44 Padded Archer Armor
36:10 Two-Handed Swordsman
37:52 Blast Furnace
37:04 Bracer
37:05 Champion
37:09 Pikeman
41:40 Chemistry
43:04 Two-Man Saw
42:54 Crop Rotation
43:47 Crop Rotation
Nos'
10:22 Feudal Age
11:38 Double-Bit Axe
11:36 Horse Collar
14:27 Castle Age
15:22 Bow Saw
15:13 Heavy Plow
19:38 Town Watch
22:14 Wheelbarrow
22:44 Gold Mining
22:45 Stone Mining
24:45 Hand Cart
28:30 Imperial Age
26:12 Fletching
26:22 Padded Archer Armor
26:53 Bodkin Arrow
27:20 Ballistics
28:45 Thumb Ring
28:56 Leather Archer Armor
29:25 Bracer
30:26 Chemistry
29:22 Loom
30:25 Conscription
30:36 Ring Archer Armor
31:54 Hoardings
32:13 Elite Elephant Archer
33:23 Medical Corps
33:54 Hoardings
35:43 Masonry
35:40 Man-at-Arms
36:05 Gambesons
36:21 Squires
36:07 Arson
39:29 Long Swordsman
40:20 Forging
40:11 Scale Mail Armor
40:32 Wootz Steel
40:22 Two-Handed Swordsman
41:38 Iron Casting
42:23 Two-Man Saw
42:45 Chain Mail Armor
44:23 Champion
45:30 Elite Skirmisher
46:42 Plate Mail Armor
47:12 Blast Furnace
DS_Moai
10:26 Feudal Age
14:04 Castle Age
12:38 Double-Bit Axe
12:47 Horse Collar
13:42 Gold Mining
15:00 Bow Saw
19:18 Wheelbarrow
20:19 Scale Mail Armor
21:55 Gold Shaft Mining
22:56 Squires
23:36 Forging
23:47 Chain Mail Armor
27:27 Forging
32:35 Imperial Age
30:11 Fletching
30:27 Fletching
31:46 Town Watch
31:46 Loom
33:55 Plate Mail Armor
35:34 Iron Casting
36:46 Hand Cart
40:07 Two-Man Saw
39:10 Heavy Plow
40:18 Arson
39:59 Elite Ibirapema Warrior
42:31 Conscription
43:00 Stone Mining
43:57 Bodkin Arrow
44:00 Guard Tower
44:30 Ballistics
46:16 Bracer
46:53 Keep
Cono | Acr1
11:25 Feudal Age
15:11 Castle Age
13:47 Double-Bit Axe
13:45 Horse Collar
16:53 Stone Mining
17:55 Bow Saw
20:45 Wheelbarrow
23:17 Loom
BDD || J
10:31 Feudal Age
12:27 Double-Bit Axe
14:43 Castle Age
12:52 Horse Collar
15:42 Bow Saw
17:05 Wheelbarrow
16:49 Heavy Plow
21:34 Hand Cart
21:46 Gold Mining
22:28 Loom
25:11 Town Watch
30:02 Imperial Age
27:45 Stone Mining
28:34 Gold Shaft Mining
28:16 Champi Runner
28:58 Squires
28:43 Arson
29:00 Scale Mail Armor
29:10 Forging
29:19 Champi Warrior
30:16 Chain Mail Armor
31:23 Iron Casting
30:18 Elite Champi Warrior
32:14 Conscription
32:21 Fabric Shields
33:55 Plate Mail Armor
33:36 Elite Skirmisher
34:21 Thumb Ring
34:17 Padded Archer Armor
34:08 Fletching
36:40 Blast Furnace
35:55 Leather Archer Armor
36:20 Bodkin Arrow
37:44 Andean Sling
39:47 Ring Archer Armor
39:18 Bracer
42:35 Coinage
44:46 Chemistry
44:07 Ballistics
45:08 Town Patrol
[CL] Sebag
10:19 Feudal Age
10:57 Loom
14:29 Castle Age
14:27 Double-Bit Axe
15:49 Bow Saw
15:21 Horse Collar
22:20 Scale Mail Armor
23:11 Wheelbarrow
24:27 Chain Mail Armor
26:22 Squires
26:49 Gold Mining
29:32 Hand Cart
32:39 Imperial Age
30:09 Arson
31:20 Forging
33:37 Scale Barding Armor
34:08 Iron Casting
34:15 Coinage
35:21 Chemistry
34:51 Chain Barding Armor
34:56 Husbandry
35:58 Conscription
36:09 Bloodlines
35:52 Heavy Camel Rider
37:14 Plate Barding Armor
37:34 Shatagni
38:01 Padded Archer Armor
39:16 Leather Archer Armor
38:46 Light Cavalry
39:33 Heavy Plow
39:58 Conscription
40:04 Hussar
42:13 Imperial Camel Rider
43:58 Siege Engineers
44:14 Ballistics
44:07 Town Watch
46:53 Blast Furnace
45:45 Stone Mining
46:30 Gold Shaft Mining
46:57 Two-Man Saw
[CL] Guatona, Guatona qla fea
10:42 Feudal Age
14:24 Castle Age
12:37 Double-Bit Axe
12:44 Stone Mining
13:17 Horse Collar
15:58 Bow Saw
17:10 Heavy Plow
20:33 Wheelbarrow
20:50 Fletching
21:38 Bodkin Arrow
31:25 Imperial Age
29:12 Hand Cart
28:43 Town Watch
28:44 Loom
30:08 Gold Mining
31:38 Ballistics
33:26 Two-Man Saw
33:48 Conscription
33:06 Elite Skirmisher
33:59 Thumb Ring
34:23 Bracer
35:27 Chemistry
38:14 Masonry
38:03 Elite War Wagon
45:32 Stone Shaft Mining
45:33 Gold Shaft Mining
BDD || Q
9:56 Feudal Age
13:37 Castle Age
11:36 Double-Bit Axe
12:39 Horse Collar
14:34 Bow Saw
19:51 Wheelbarrow
19:02 Loom
19:52 Fortified Wall
21:02 Fortified Wall
22:17 Hand Cart
25:45 Fletching
26:28 Murder Holes
27:57 Bodkin Arrow
28:50 Masonry
29:11 Scale Barding Armor
30:37 Chain Barding Armor
32:21 Bloodlines
32:11 Husbandry
32:24 Forging
35:58 Imperial Age
34:41 Iron Casting
38:06 Hoardings
37:36 Bracer
38:39 Chemistry
39:01 Plate Barding Armor
44:26 Light Cavalry
45:07 Husbandry
45:50 Elite Skirmisher
Connection lost

Rejoining the realm…

Still unreachable

The connection could not be restored.

Session expired

The server has moved on; the page needs a fresh start.